 Dungeon Crawl Stone Soup version 0.31-a0-931-g7b59d4eb97 (webtiles) character file.

Game seed: 3330529369129738675

1482231 Hi5aMiFi the Hoplite (level 27, 222/222 (228) HPs)
             Began as a Demonspawn Artificer on Oct 19, 2023.
             Was the Champion of Dithmenos.
             Escaped with the Orb
             ... and 3 runes on Oct 23, 2023!
             The game lasted 11:27:39 (95118 turns).

Hi5aMiFi the Hoplite (Demonspawn Artificer)        Turns: 95118, Time: 11:27:40

HP:   222/222 (228) AC: 42    Str: 24    XL:     27
MP:   35/35         EV:  8    Int: 17    God:    Dithmenos [******]
Gold: 3510          SH: 29    Dex: 14    Spells: 26/26 levels left

rFire   + +          .
                       - Unarmed
rCold   + + .        P - +1 tower shield {AC+3}
rNeg    + . .        U - +0 gold dragon scales
rPois   +            (helmet restricted)
rElec   .            t - +4 dragonskin cloak
rCorr   +            (gloves unavailable)
SInv    .            v - +1 pair of boots {rampage}
Will    +++..        I - amulet of reflection Stlth
                     c - ring "Nocil" {Contam +Blink rN+ rCorr Int+6 Slay+2}
HPRegen 0.57/turn    l - +4 ring of protection
MPRegen 0.24/turn

%: reflection, rampage
@: wreathed by umbra, lightly drained
A: claws 3, icy blue scales 3, hurl damnation, powered by death 3, powered by
pain 3, torment resistance 1, demonic willpower, fangs 1, horns 1, clumsy 1,
dopey 1, fire resistance 1, poison resistance, subdued magic 1
0: Orb of Zot
}: 3/15 runes: serpentine, barnacled, silver
a: Hurl Damnation, Renounce Religion, Evoke Blink, Shadow Step, Shadow Form


You escaped.
You worshipped Dithmenos.
Dithmenos was exalted by your worship.
You visited 11 branches of the dungeon, and saw 55 of its levels.
You visited the Abyss 1 time.
You visited 1 ziggurat, and saw 4 of its levels.
You also visited: Sewer and Volcano.

You collected 8324 gold pieces.
You spent 4814 gold pieces at shops.

Inventory:

Hand Weapons
 G - a +9 antimagic trident
 X - the +11 demon trident "Ikhirawo" {pain, rElec Stlth+}
   (You acquired it on level 3 of the Shoals)

   rElec:     It insulates you from electricity.
   Stlth+:    It makes you more stealthy.
Missiles
 f - a throwing net
 h - 6 curare-tipped darts
 x - 7 darts of dispersal
 H - 7 silver javelins (quivered)
 L - 35 boomerangs
 W - 9 javelins
Armour
 p - a +0 helmet
 t - the +4 dragonskin cloak (worn)
   (You took it off Tiamat on level 1 of the Realm of Zot)

   Avatar's Aegis: It grants the wearer a chance to resist fire, cold, poison,
   electricity, acid, and negative energy.
 v - a +1 pair of boots of rampaging (worn)
 y - a +2 cloak of fire resistance
 P - a +1 tower shield of protection (worn)
 T - the +2 shield of Resistance {rF++ rC++ Will++}
   (You found it on level 12 of the Dungeon)

   rF++:      It greatly protects you from fire.
   rC++:      It greatly protects you from cold.
   Will++:    It greatly increases your willpower.
 U - +0 gold dragon scales (worn)
Jewellery
 b - the ring "Utiotto" {rPois rCorr Str+4}
   (You found it on level 4 of a ziggurat)

   [ring of resist corrosion]

   Str+4:     It affects your strength (+4).
   rPois:     It protects you from poison rCorr: It protects you from acid and
   corrosion.
 c - the ring "Nocil" (left claw) {Contam +Blink rN+ rCorr Int+6 Slay+2}
   (You took it off an orc warrior on level 7 of the Dungeon)

   [ring of intelligence]

   Int+6:     It affects your intelligence (+6).
   Slay+2:    It affects your accuracy & damage with ranged weapons and melee
   (+2).
   rN+:       It protects you from negative energy.
   +Blink:    It lets you blink.
   Contam:    It causes magical contamination when unequipped.
   rCorr:     It protects you from acid and corrosion.
 k - the ring of the Harvest {rN+ Str+5 Dex+2}
   (You found it on level 3 of the Crypt)

   [ring of positive energy]

   Str+5:     It affects your strength (+5).
   Dex+2:     It affects your dexterity (+2).
   rN+:       It protects you from negative energy.
 l - a +4 ring of protection (right claw)
 I - an amulet of reflection (around neck)
 J - a ring of see invisible
 K - a ring of willpower
 O - a ring of protection from fire
Wands
 n - a wand of quicksilver (22)
 s - a wand of roots (19)
 Q - a wand of charming (15)
 Y - a wand of digging (8)
Scrolls
 a - a scroll of revelation
 d - 6 scrolls of vulnerability
 e - 6 scrolls of poison
 i - a scroll of torment
 o - 5 scrolls of teleportation
 q - 9 scrolls of fear
 B - 6 scrolls of immolation
 E - 5 scrolls of silence
 R - a scroll of fog
Potions
 g - 3 potions of invisibility
 j - 9 potions of enlightenment
 m - 2 potions of cancellation
 r - a potion of haste
 z - 5 potions of curing
 D - 8 potions of attraction
 M - 2 potions of mutation
 V - 8 potions of lignification
 Z - 2 potions of magic
Miscellaneous
 w - a lightning rod (4/4)
 A - a box of beasts
 N - a tin of tremorstones (2/2)
 S - a phantom mirror


   Skills:
 + Level 21.3 Fighting
 - Level 1.0 Short Blades
 - Level 14.0 Polearms
 - Level 10.5 Throwing
 - Level 20.2 Armour
 - Level 5.0 Dodging
 - Level 0.8 Stealth
 - Level 23.0 Shields
 - Level 21.1 Unarmed Combat
 - Level 5.0 Necromancy
 - Level 17.9 Invocations
 - Level 7.0 Evocations


You had 26 spell levels left.
You didn't know any spells.
Your spell library contained the following spells:

 Spells                   Type           Power      Damage    Failure   Level
 Necrotise                Necr           52%        1d6       50%         1
 Sublimation of Blood     Necr           13%        N/A       65%         2
 Cigotuvi's Dreadful Rot  Necr/Pois/Air  8%         N/A       98%         2
 Apportation              Tloc           0%         N/A       99%         1
 Foxfire                  Conj/Fire      0%         2x1d4     99%         1
 Freeze                   Ice            0%         1d3       99%         1
 Magic Dart               Conj           0%         1d3       99%         1
 Sandblast                Erth           0%         2d4       99%         1
 Sting                    Tmut/Pois      0%         1d3       99%         1
 Summon Small Mammal      Summ           0%         N/A       99%         1
 Animate Dead             Necr           13%        N/A       99%         4
 Dispel Undead            Necr           13%        3d9       99%         4
 Blink                    Tloc           0%         N/A       100%        2
 Ensorcelled Hibernation  Hex/Ice        0%         N/A       100%        2
 Jinxbite                 Hex            0%         N/A       100%        2
 Lesser Beckoning         Tloc           0%         N/A       100%        2
 Momentum Strike          Conj/Tloc      0%         3d8       100%        2
 Passwall                 Tmut/Erth      0%         N/A       100%        2
 Poisonous Vapours        Pois/Air       0%         N/A       100%        2
 Searing Ray              Conj           0%         2d4       100%        2
 Static Discharge         Conj/Air       0%         2-2/arc   100%        2
 Wereblood                Tmut           0%         N/A       100%        2
 Call Canine Familiar     Summ           0%         N/A       100%        3
 Dazzling Flash           Conj/Hex       0%         N/A       100%        3
 Frozen Ramparts          Ice            0%         1d1       100%        3
 Gell's Gravitas          Tloc           0%         N/A       100%        3
 Hailstorm                Conj/Ice       0%         3d3       100%        3
 Ignite Poison            Fire/Tmut/Pois 0%         N/A       100%        3
 Inner Flame              Hex/Fire       0%         N/A       100%        3
 Ozocubu's Armour         Ice            0%         N/A       100%        3
 Sigil of Binding         Hex            0%         N/A       100%        3
 Stone Arrow              Conj/Erth      0%         3d7       100%        3
 Summon Guardian Golem    Hex/Summ       0%         N/A       100%        3
 Teleport Other           Tloc           0%         N/A       100%        3
 Volatile Blastmotes      Fire/Tloc      0%         2d10      100%        3
 Airstrike                Air            0%         2d(0-16)  100%        4
 Anguish                  Hex/Necr       3%         N/A       100%        4
 Animate Armour           Summ/Erth      0%         N/A       100%        4
 Brom's Barrelling Bould  Conj/Erth      0%         2d3       100%        4
 Dimensional Bullseye     Hex/Tloc       0%         N/A       100%        4
 Fulminant Prism          Conj/Hex       0%         3d5       100%        4
 Leda's Liquefaction      Hex/Erth       0%         N/A       100%        4
 Manifold Assault         Tloc           0%         N/A       100%        4
 Olgreb's Toxic Radiance  Pois           0%         N/A       100%        4
 Petrify                  Tmut/Erth      0%         N/A       100%        4
 Sticky Flame             Conj/Fire      0%         2d3       100%        4
 Summon Lightning Spire   Summ/Air       0%         N/A       100%        4
 Alistair's Intoxication  Tmut/Pois      0%         N/A       100%        5
 Arcjolt                  Conj/Air       0%         1d10      100%        5
 Borgnjor's Vile Clutch   Necr/Erth      3%         N/A       100%        5
 Freezing Cloud           Conj/Ice/Air   0%         6-21      100%        5
 Irradiate                Conj/Tmut      0%         3d11      100%        5
 Lee's Rapid Deconstruct  Erth           0%         3d4*      100%        5
 Metabolic Englaciation   Hex/Ice        0%         N/A       100%        5
 Summon Forest            Summ/Tloc      0%         N/A       100%        5
 Summon Mana Viper        Hex/Summ       0%         N/A       100%        5
 Yara's Violent Unravell  Hex/Tmut       0%         3d3       100%        5
 Conjure Ball Lightning   Conj/Air       0%         3x3d6     100%        6
 Death Channel            Necr           6%         N/A       100%        6
 Dispersal                Tloc           0%         N/A       100%        6
 Eringya's Noxious Bog    Tmut/Pois      0%         4d6       100%        6
 Plasma Beam              Fire/Air       0%         2x1d10    100%        6
 Simulacrum               Ice/Necr       3%         N/A       100%        6
 Starburst                Conj/Fire      0%         6d3       100%        6
 Summon Cactus Giant      Summ           0%         N/A       100%        6
 Enfeeble                 Hex            0%         N/A       100%        7
 Haunt                    Necr/Summ      3%         N/A       100%        7
 Orb of Destruction       Conj           0%         9d5       100%        7
 Ozocubu's Refrigeration  Ice            0%         4d7       100%        7
 Spellforged Servitor     Conj/Summ      0%         N/A       100%        7
 Summon Hydra             Summ           0%         N/A       100%        7
 Discord                  Hex            0%         N/A       100%        8
 Disjunction              Tloc           0%         N/A       100%        8
 Ignition                 Fire           0%         3d3       100%        8
 Lehudib's Crystal Spear  Conj/Erth      0%         10d2      100%        8
 Maxwell's Capacitive Co  Air            0%         ∞         100%        8
 Chain Lightning          Conj/Air       0%         N/A       100%        9
 Fire Storm               Conj/Fire      0%         5d1       100%        9
 Shatter                  Erth           0%         3d5*      100%        9


Dungeon Overview and Level Annotations

Branches:
Dungeon (15/15)            Temple (0/1) D:6            Lair (5/5) D:11
 Shoals (4/4) Lair:3        Snake (4/4) Lair:2        Slime (5/5) Lair:5
    Orc (2/2) D:11            Elf (3/3) Orc:2        Vaults (5/5) D:14
  Crypt (3/3) Vaults:3       Tomb (0/3) Crypt:3      Depths (4/4) D:15
    Zot (5/5) Depths:4      Sewer (visited)         Volcano (visited)

Altars:
Cheibriados
Dithmenos
Fedhas
Gozag
Kikubaaqudgha
Okawaru
Qazlal
Sif Muna
Trog
Uskayaw
Wu Jian
Xom
Yredelemnul
Jiyva

Shops:
D:4 (   D:8 (   Orc:2 =!(![   Shoals:2 !   Snake:1 ((*:   Snake:3 (
Vaults:2 !   Vaults:3 ![   Depths:1 =:=

Portals:
Hell: Depths:1 Depths:2 Depths:3 Depths:4
Abyss: Depths:3 Depths:4
Pandemonium: Orc:2 Depths:1 Depths:2 Depths:4

Annotations:
Slime:1 exclusion: downstairs
Slime:5 Royal Jelly
Zot:1 1 transporter
Zot:5 1 runed translucent door, Vyqe's ghost, master MfIE


Innate Abilities, Weirdness & Mutations

You have claws for hands.
You are completely covered in icy blue scales. (AC +4, rC+)
You can hurl damnation.
You regenerate a lot of health from kills.
You are powered by pain.
You are resistant to unholy torment.
You punish those that try to bend your will. (Will+)
You have very sharp teeth.
You have a pair of small horns on your head.
You are clumsy. (Dex -2)
You are dopey. (Int -2)
Your flesh is heat resistant. (rF+)
Your system is resistant to poisons. (rPois)
Your spells are a little easier to cast, but a little less powerful.


Message History

Unknown command.
Okay, then.
Unknown command.
Aiming: Dig
Press: ? - help, Shift-Dir - straight line A rock wall.
This square is wreathed by an umbra and is covered in magical glow.
The rock shatters into small pieces.
There is a stone staircase leading up here.
You climb upwards.
There is a stone staircase leading down here.
Unknown command.
Unknown command.
Unknown command.
Aiming: Dig
Press: ? - help, Shift-Dir - straight line A rock wall.
This square is wreathed by an umbra and is covered in magical glow.
The rock shatters into small pieces.
There is a stone staircase leading up here.
You climb upwards.
There is a stone staircase leading down here.
Unknown command.
Aiming: Dig
Press: ? - help, Shift-Dir - straight line A rock wall.
This square is wreathed by an umbra and is covered in magical glow.
The rock shatters into small pieces.
Unknown command.
There is a stone staircase leading up here.
You climb upwards.
There is a stone staircase leading down here.
Unknown command.
Aiming: Dig
Press: ? - help, Shift-Dir - straight line This square is wreathed by an umbra and is covered in magical glow.
The rock shatters into small pieces.
There is a transporter here.
There is a staircase leading out of the dungeon here.
You have escaped!

###...#..........#############
###........##...............
#.......##...#############
#......##........# #
#.....##©........# # ##
##.###.#####.....# # .#
######.###......######### .#
#....##©#.#.....#........ .#
#...##.#@#......#........ .#
#####..##.#.#.#.....#........
.####.....##.#.#.##.....#........
..........######.##.##'##........
##♣'♣##..........##.##.##........
#.....#♣♣.#......#...............
#..8..#÷♣.#.###########.#########
#.....#♣♣.#.# #.### #
###'###♣♣.#.# #...# #


There were no monsters in sight!

Vanquished Creatures
  A dread lich (Vaults:5)
  Tiamat (Zot:1)
  An ancient lich (Zot:5)
  10 orbs of fire
  Mara (Depths:2)
  2 juggernauts
  Boris (Depths:2)
  4 Killer Klowns (Zot:5)
  Margery (Crypt:2)
  Frederick (Depths:4)
  Saint Roka (Depths:3)
  2 curse toes (Zot:3)
  8 golden dragons
  A caustic shrike (Depths:2)
  Norris (Elf:1)
  A bone dragon (Depths:4)
  2 doom hounds (Crypt:3)
  2 iron giants (Zig:4)
  2 electric golems
  A shard shrike zombie (Crypt:3)
  2 walking earthen tomes (Depths:3)
  2 liches
  12 tentacled monstrosities
  Zenata (Crypt:1)
  A shard shrike skeleton (Crypt:2)
  7 titans
  A deep elf blademaster (Elf:2)
  25 Orb Guardians (Zot:5)
  10 sphinxes
  2 ancient champions
  6 quicksilver dragons
  11 death cobs
  20 acid blobs
  An Executioner (D:7)
  2 walking frostbound tomes
  Polyphemus (Shoals:4)
  7 storm dragons
  5 draconian monks
  9 shadow dragons
  9 tengu reavers
  10 draconian knights
  12 frost giants
  4 revenants
  10 azure jellies (Slime:5)
  9 rockslimes
  Roxanne (Shoals:3)
  11 fire giants
  8 nagarajas (Snake:4)
  15 vault wardens
  3 draconian scorchers
  9 deep elf sorcerers
  4 ghost moths
  3 iron dragons
  5 deep elf elementalists
  9 draconian shifters
  4 orc warlords
  2 formless jellyfish
  2 curse skulls (Crypt:1)
  21 ironbound preservers
  19 very ugly things
  8 ghouls (Crypt:2)
  2 draconian stormcallers
  12 quicksilver oozes
  3 draconian annihilators
  26 stone giants
  4 war gargoyles
  The ghost of sammy202020 the Warrior, a journeyman MiBe of Trog (D:13)
  8 deep elf annihilators
  8 deep elf demonologists
  21 vampire knights
  12 ironbound thunderhulks
  Nessos (D:14)
  5 green draconians
  14 black draconians
  5 spark wasps
  A minotaur (Shoals:4)
  9 red draconians
  4 blizzard demons
  11 purple draconians
  17 dire elephants
  9 yellow draconians
  17 ettins
  7 white draconians
  6 eidola
  9 deep elf death magi
  9 jiangshi
  13 fire dragons
  2 crystal guardians
  4 merfolk impalers
  15 deep elf high priests
  10 yaktaur captains
  9 great orbs of eyes
  3 rakshasas
  An entropy weaver (Vaults:5)
  A spriggan zombie (Crypt:1)
  34 vault guards
  14 ice dragons
  A spriggan air mage (Depths:1)
  4 salamander tyrants
  4 catoblepae
  2 fenstrider witch zombies (Crypt:1)
  8 ogre magi
  3 peacekeepers
  A hydra (Lair:5)
  13 centaur warriors
  A jorogumo (shapeshifter) (Vaults:5)
  2 demonspawn (Orc:2)
  A sphinx zombie (Crypt:1)
  10 ironbound frosthearts
  32 dancing weapons
  4 anacondas
  6 merfolk avatars
  A satyr (shapeshifter) (Vaults:5)
  6 tengu warriors
  5 death knights
  9 boulder beetles
  14 death yaks
  9 deep troll earth magi
  7 satyrs
  20 two-headed ogres
  2 merfolk aquamancers
  5 deep troll shamans
  8 orc high priests (Orc:2)
  A hell hog (Volcano)
  18 naga warriors
  Urug (D:14)
  10 vampire magi
  A storm dragon zombie (Crypt:1)
  14 naga sharpshooters
  2 shock serpents
  9 soul eaters
  9 skysharks
  An emperor scorpion zombie (Crypt:2)
  A sun demon (Orc:2)
  4 spriggan berserkers
  19 deep elf knights
  3 shadow wraiths
  4 iron trolls
  A fire crab (Volcano)
  18 hell knights
  2 sixfirhies
  9 sea snakes
  2 salamander mystics
  41 skeletal warriors
  56 deep trolls
  An orb spider (shapeshifter) (Vaults:5)
  4 arcanists
  Lodul (D:14)
  A spriggan simulacrum (Crypt:1)
  4 flayed ghosts
  11 deep elf archers
  6 glowing orange brains
  4 lindwurms
  A swamp dragon (Lair:5)
  5 naga ritualists
  17 harpies
  2 occultists
  3 orange crystal statues (Zig:1)
  18 ironbound convokers
  A bog body (Crypt:2)
  31 deep elf pyromancers
  9 necromancers
  15 orc knights
  13 salamanders
  6 orc sorcerers
  A wolf spider (shapeshifter) (D:12)
  32 phantasmal warriors
  An oklob plant (Lair:1)
  A harpy (shapeshifter) (Vaults:1)
  2 shining eyes (Slime:5)
  An eleionoma zombie (Crypt:3)
  17 deep elf zephyrmancers
  A shining eye (shapeshifter) (Vaults:5)
  13 fauns
  5 mana vipers
  10 cyclopes
  A stone giant zombie (Vaults:1)
  14 ugly things
  A cyclops (shapeshifter) (Vaults:2)
  A salamander (shapeshifter) (D:8)
  2 iron dragon skeletons (Crypt:1)
  7 merfolk sirens
  30 moths of wrath
  12 manticores
  A frost giant skeleton (Vaults:1)
  5 elephants (Lair:5)
  A black mamba (shapeshifter) (D:14)
  3 guardian serpents
  A smoke demon (Depths:4)
  20 vault sentinels
  An ice statue (Zig:1)
  17 naga magi
  34 black mambas
  2 water nymphs
  2 alligator snapping turtle zombies
  3 orange demons
  A gargoyle (D:12)
  A centaur skeleton (Crypt:1)
  A steelbarb worm zombie (Crypt:3)
  3 eyes of devastation (Slime:5)
  2 naga skeletons (Crypt:1)
  7 cane toads
  A hellion (D:10)
  A torpor snail (Lair:5)
  4 rime drakes
  A dire elephant skeleton (Crypt:2)
  12 komodo dragons
  4 freezing wraiths
  An unseen horror (D:7)
  Jeremiah (D:9)
  A pale draconian zombie (Crypt:2)
  26 yaktaurs
  3 efreet
  A tengu conjurer (Depths:1)
  A tormentor (Depths:4)
  2 harpy zombies
  A human skeleton (Vaults:1)
  A hydra zombie (Crypt:1)
  7 meliai (D:12)
  A queen bee (D:12)
  2 large abominations (Abyss:2)
  12 polar bears
  2 wind drakes
  9 trolls
  A merfolk (shapeshifter) (Vaults:5)
  A tengu simulacrum (Vaults:1)
  A tarantella (D:11)
  3 harpy skeletons
  3 raiju
  21 merfolk
  19 dream sheep
  14 blink frogs
  A polar bear (shapeshifter) (Vaults:1)
  An ettin zombie (Crypt:1)
  A radroach zombie (Crypt:1)
  8 snapping turtles
  A jumping spider zombie (Crypt:3)
  65 slime creatures
  A slime creature (shapeshifter) (Vaults:5)
  3 flying skulls (Crypt:1)
  2 vampires
  Sigmund (D:2)
  A culicivora (shapeshifter) (Vaults:5)
  5 fire bats
  A jumping spider (shapeshifter) (D:12)
  19 wraiths
  A naga simulacrum (Crypt:1)
  16 water elementals
  5 wyverns
  19 shadows
  2 air elementals
  An ettin skeleton (Crypt:1)
  A fire elemental (Elf:1)
  6 steam dragons
  A dire elephant simulacrum (Crypt:1)
  16 humans (D:14)
  8 golden eyes
  14 vampire mosquitoes
  46 yaks
  5 basilisks
  2 chaos spawn
  Menkaure (D:5)
  2 small abominations
  36 nagas
  A naga zombie (Crypt:3)
  5 wargs
  A harpy simulacrum (Crypt:1)
  4 swamp worms (Lair:4)
  13 water moccasins
  6 acid dragons
  A faun zombie (Crypt:2)
  16 hell hounds
  A swamp drake (Lair:5)
  51 orc warriors
  2 sky beasts (D:6)
  15 black bears
  A wolf (shapeshifter) (Vaults:1)
  27 wolves
  15 ogres
  10 centaurs
  4 kobold brigands
  A scorpion (D:4)
  16 bullfrogs
  2 gnoll sergeants
  2 earth elementals (Elf:1)
  3 necrophages
  A cyclops skeleton (Crypt:2)
  An elf skeleton (Crypt:1)
  10 wights
  A hornet simulacrum (D:15)
  A yak zombie (Crypt:1)
  42 killer bees
  5 electric eels (D:9)
  A yak skeleton (Crypt:1)
  5 howler monkeys
  A bullfrog zombie (Crypt:2)
  A quasit (Abyss:2)
  3 hounds
  27 orc priests
  31 orc wizards
  A sleepcap (D:5)
  5 iguanas
  A deep dwarf zombie (Crypt:3)
  A human simulacrum (D:9)
  7 adders
  10 gnolls
  7 river rats
  A steam dragon zombie (Crypt:2)
  A shadow imp (D:8)
  A swamp drake skeleton (Crypt:3)
  2 white imps
  2 ufetubi (D:6)
  An adder zombie (Crypt:2)
  6 dart slugs
  126 orcs
  4 bats
  8 endoplasms
  4 giant cockroaches
  6 goblins
  7 hobgoblins
  5 jackals
  19 kobolds
  3 quokkas
  7 ball pythons
  8 frilled lizards
  A goblin zombie (Crypt:1)
  A hobgoblin zombie (Crypt:3)
  11 rats
  A tentacle (Shoals:3)
2521 creatures vanquished.

Vanquished Creatures (collateral kills)
  Vashnia (Snake:3)
  An electric golem (Zot:5)
  Grunn (Crypt:3)
  A quicksilver dragon (Zot:2)
  A kraken (Shoals:3)
  A draconian stormcaller (Zot:3)
  A quicksilver ooze (Slime:5)
  A formless jellyfish (Shoals:4)
  A purple draconian (Zot:5)
  A yellow draconian (Zot:3)
  2 white draconians
  2 green draconians
  A salamander tyrant (Snake:2)
  A hydra (D:14)
  A naga warrior (Snake:3)
  A satyr (Shoals:4)
  A naga sharpshooter (Snake:3)
  An obsidian statue (Zot:5)
  2 salamanders (Snake:2)
  2 fauns (Shoals:4)
  A moth of wrath (Zot:2)
  A merfolk siren (Shoals:4)
  A water nymph (Shoals:4)
  3 merfolk (Shoals:4)
  2 wights (D:8)
  3 killer bees (D:12)
  An orc wizard (D:8)
  A gnoll (D:5)
  2 orcs (D:8)
  2 tentacles (Shoals:3)
41 creatures vanquished.

Vanquished Creatures (others)
  A lich (Vaults:5)
  An eldritch tentacle (Zot:5)
  A titan (Vaults:5)
  The ghost of Onluw the Peltast, an adept DsWn of Cheibriados (Shoals:3)
  A fire giant (Depths:2)
  2 draconian knights
  2 draconian scorchers
  A draconian annihilator (Zot:5)
  2 white draconians (Zot:3)
  2 red draconians
  A boulder beetle (D:12)
  2 shock serpents (Snake:3)
  3 deep elf knights
  A shadow wraith (Vaults:5)
  A deep troll (Vaults:1)
  A deep elf pyromancer (Elf:1)
  A naga mage (Snake:4)
  A meliai (D:12)
  A neqoxec (D:7)
  A naga (Snake:4)
  5 killer bees
  An orc wizard (D:6)
  A human simulacrum (D:9)
  A gnoll (D:5)
  A kobold (D:9)
  17 tentacles (Shoals:3)
53 creatures vanquished.

Grand Total: 2615 creatures vanquished

Notes
Turn   | Place    | Note
-------+----------+-------------------------------------------
     0 | D:1      | Hi5aMiFi the Demonspawn Artificer began the quest for the
                  | Orb.
     0 | D:1      | Reached XP level 1. HP: 15/15 MP: 1/1
   613 | D:1      | Gained mutation: You regenerate a little health from kills.
                  | [demonic ancestry]
   613 | D:1      | Reached XP level 2. HP: 22/22 MP: 2/2
  1276 | D:1      | Gained mutation: You have sharp fingernails. [demonic
                  | ancestry]
  1276 | D:1      | Reached XP level 3. HP: 28/28 MP: 3/3
  1323 | D:1      | Found a faded altar of an unknown god.
  1330 | D:1      | Prayed at the altar of an unknown god.
  1330 | D:1      | Became a worshipper of Dithmenos the Shadowed
  1330 | D:1      | Reached * piety under Dithmenos
  1560 | D:2      | Noticed Sigmund
  1934 | D:1      | Reached skill level 1 in Unarmed Combat
  2290 | D:3      | Gained mutation: You are partially covered in icy blue
                  | scales. (AC +2) [demonic ancestry]
  2290 | D:3      | Reached XP level 4. HP: 25/34 MP: 4/4
  2425 | D:3      | Reached ** piety under Dithmenos
  2559 | D:3      | Reached XP level 5. HP: 22/41 MP: 5/5
  2562 | D:3      | Found a glowing drain.
  2608 | Sewer    | Entered a sewer
  3493 | D:4      | Identified the of Ofrayppu
  3564 | D:4      | Noticed an ogre
  3749 | D:4      | Reached skill level 1 in Short Blades
  3749 | D:4      | Gained mutation: You have very sharp fingernails. [demonic
                  | ancestry]
  3749 | D:4      | Reached XP level 6. HP: 47/47 MP: 6/6
  4010 | D:4      | Found Dapreck's Weapon Shoppe.
  4281 | D:5      | Entered Level 5 of the Dungeon
  4593 | D:5      | Reached *** piety under Dithmenos
  4761 | D:5      | Noticed Menkaure
  5116 | D:6      | Noticed a sky beast
  5325 | D:6      | Found a staircase to the Ecumenical Temple.
  5336 | D:6      | Gained mutation: You have claws for hands. [demonic
                  | ancestry]
  5336 | D:6      | Reached XP level 7. HP: 39/53 MP: 7/7
  5719 | D:7      | Reached skill level 1 in Invocations
  6063 | D:7      | Noticed a vampire
  6110 | D:8      | Reached skill level 5 in Unarmed Combat
  6115 | D:8      | Reached XP level 8. HP: 61/61 MP: 9/9
  6133 | D:8      | Reached skill level 5 in Armour
  6304 | D:8      | Found a shimmering altar of Xom.
  6306 | D:8      | Found an iron altar of Okawaru.
  6306 | D:8      | Found a radiant altar of Vehumet.
  6308 | D:8      | Found a hide-covered altar of Uskayaw.
  6308 | D:8      | Found an iron altar of Okawaru.
  6308 | D:8      | Found a stormy altar of Qazlal.
  6367 | D:8      | Found Ziofuor's Weapon Boutique.
  6403 | D:8      | Reached skill level 5 in Fighting
  6407 | D:8      | Reached **** piety under Dithmenos
  6548 | D:8      | Gained mutation: You are mostly covered in icy blue scales.
                  | (AC +3) [demonic ancestry]
  6548 | D:8      | Reached XP level 9. HP: 35/68 MP: 10/10
  6710 | D:8      | Found a snail-covered altar of Cheibriados.
  6759 | D:8      | Noticed a cyclops
  6927 | D:8      | Noticed a boulder beetle
  6931 | D:8      | Noticed a cyclops
  7198 | D:9      | Noticed a troll
  7241 | D:9      | Noticed a two-headed ogre
  7248 | D:9      | Killed a two-headed ogre
  7251 | D:9      | Noticed Jeremiah
  7292 | D:8      | Killed a cyclops
  7293 | D:8      | Gained mutation: You regenerate health from kills. [demonic
                  | ancestry]
  7293 | D:8      | Reached XP level 10. HP: 74/74 MP: 11/11
  7876 | D:5      | Identified the +9 sling of the World {drain, rPois rC++
                  | Int-2}
  8190 | D:2      | Killed Sigmund
  8560 | D:5      | Killed Menkaure
  8866 | D:8      | Noticed a two-headed ogre
  8930 | D:8      | Found a bloodstained altar of Trog.
  8931 | D:8      | Found an opulent altar of Gozag.
  8932 | D:8      | Found a shimmering blue altar of Sif Muna.
  8932 | D:8      | Found a shadowy altar of Dithmenos.
  9074 | D:8      | Noticed Maurice
  9095 | D:8      | Noticed Maurice
  9101 | D:8      | Killed Maurice the howler monkey
  9212 | D:8      | Noticed a boulder beetle
  9227 | D:8      | Killed a boulder beetle
  9279 | D:8      | Noticed a salamander
  9279 | D:8      | Noticed a tengu warrior
  9370 | D:8      | Killed a boulder beetle
  9371 | D:8      | Reached skill level 10 in Armour
  9840 | D:10     | Entered Level 10 of the Dungeon
 10002 | D:9      | Reached skill level 5 in Evocations
 10203 | D:10     | Noticed a cyclops
 10223 | D:10     | Killed a cyclops
 10385 | D:10     | Gained mutation: You regenerate a lot of health from kills.
                  | [demonic ancestry]
 10385 | D:10     | Reached XP level 11. HP: 80/80 MP: 12/12
 11178 | D:11     | Reached ***** piety under Dithmenos
 11393 | D:11     | Found a staircase to the Orcish Mines.
 11691 | D:11     | Found a staircase to the Lair.
 11828 | D:11     | Noticed a brown ugly thing
 11853 | D:11     | Killed a brown ugly thing
 11854 | D:11     | Reached skill level 10 in Unarmed Combat
 12407 | D:11     | Noticed a boulder beetle
 12420 | D:11     | Killed a boulder beetle
 12619 | D:12     | Noticed a fire dragon
 12620 | D:12     | Found a runed translucent door.
 12620 | D:12     | Found a runed translucent door.
 12620 | D:12     | Found the +2 shield of Resistance {rF++ rC++ Will++}
 12620 | D:12     | Noticed a fire dragon
 12620 | D:12     | Noticed an ice dragon
 12621 | D:12     | Noticed an ice dragon
 12696 | D:12     | Noticed a purple ugly thing
 12714 | D:12     | Killed a purple ugly thing
 12737 | D:12     | Noticed a deep elf pyromancer
 12747 | D:12     | Killed a deep elf pyromancer
 12990 | D:12     | Noticed a two-headed ogre
 13004 | D:12     | Killed a two-headed ogre
 13017 | D:12     | Noticed a cyan ugly thing
 13030 | D:12     | Noticed a cyan ugly thing
 13033 | D:12     | Killed a cyan ugly thing
 13041 | D:12     | Killed a cyan ugly thing
 13161 | D:12     | Noticed a boulder beetle
 13193 | D:12     | Killed a boulder beetle
 13194 | D:12     | Reached XP level 12. HP: 71/93 MP: 13/13
 14116 | D:12     | Noticed a deep troll earth mage
 14123 | D:12     | Killed a deep troll earth mage
 14124 | D:12     | Reached skill level 10 in Fighting
 14124 | D:12     | Noticed a boulder beetle
 14132 | D:12     | Reached skill level 5 in Invocations
 14166 | D:12     | a salamander changed into an entropy weaver
 14166 | D:12     | Noticed an entropy weaver (shapeshifter)
 14182 | D:12     | an entropy weaver changed into a shapeshifter
 14215 | D:12     | Reached ****** piety under Dithmenos
 14228 | D:12     | Noticed a bunyip
 14230 | D:12     | a bunyip changed into a wolf spider
 14315 | D:12     | Reached skill level 10 in Invocations
 14725 | D:9      | Noticed a two-headed ogre
 14978 | D:7      | Reached skill level 1 in Dodging
 15242 | D:7      | Identified the ring "Nocil" {Contam +Blink rN+ rCorr Int+6
                  | Slay+2}
 16190 | Lair:1   | Entered Level 1 of the Lair of Beasts
 16351 | Lair:1   | Reached XP level 13. HP: 103/103 MP: 20/20
 16416 | Lair:1   | Identified the +7 battleaxe "Jellybane" {venom, Dex+4 SInv}
 16995 | Lair:1   | Found a hide-covered altar of Uskayaw.
 17849 | Lair:2   | Found a staircase to the Snake Pit.
 18622 | Lair:3   | Found a staircase to the Shoals.
 19154 | Lair:3   | Reached skill level 5 in Dodging
 20024 | Lair:4   | Found a transporter.
 20048 | Lair:4   | Found a transporter.
 20085 | Lair:4   | Identified the +3 dagger "Zaumaick" {pain, Stlth+}
 20722 | Lair:5   | Entered Level 5 of the Lair of Beasts
 20807 | Lair:5   | Gained mutation: You punish those that try to bend your
                  | will. (Will+) [demonic ancestry]
 20807 | Lair:5   | Reached XP level 14. HP: 105/113 MP: 22/22
 20813 | Lair:5   | Found a dark tunnel.
 20835 | Volcano  | Entered a volcano
 21385 | Lair:5   | Found a viscous altar of Jiyva.
 21386 | Lair:5   | Found a staircase to the Slime Pits.
 23214 | D:9      | Killed Jeremiah
 23880 | D:13     | Reached skill level 1 in Shields
 23995 | D:13     | Gained mutation: You sometimes gain a little power by
                  | taking damage. [demonic ancestry]
 23995 | D:13     | Reached XP level 15. HP: 121/121 MP: 24/24
 24194 | D:13     | Found a runed translucent door.
 24194 | D:13     | Noticed sammy202020's ghost (journeyman MiBe)
 24427 | D:13     | Reached skill level 2 in Shields
 24659 | D:13     | Killed sammy202020's ghost
 24751 | D:14     | Noticed Nessos
 24751 | D:14     | Noticed Urug
 24751 | D:14     | Noticed Lodul
 24751 | D:14     | Found a gate to the Vaults.
 24832 | Orc:1    | Entered Level 1 of the Orcish Mines
 25270 | Orc:2    | Entered Level 2 of the Orcish Mines
 25388 | Orc:2    | Found a staircase to the Elven Halls.
 25403 | Orc:2    | Reached skill level 3 in Shields
 25926 | Orc:2    | Found Duagus Kech's Antique Armour Boutique.
 25960 | Orc:2    | Bought a glowing buckler for 180 gold pieces
 25990 | Orc:2    | Found Tygaexuf's Distillery.
 26051 | Orc:2    | Found Bacin's Distillery.
 26120 | Orc:2    | Reached skill level 4 in Shields
 26423 | Orc:2    | Reached skill level 5 in Shields
 26425 | Orc:2    | Found Ruafeceg's Antique Weapon Emporium.
 26425 | Orc:2    | Found Osaif's Jewellery Shoppe.
 26425 | Orc:2    | Found a one-way gate leading to the halls of Pandemonium.
 26433 | Orc:2    | Bought an amulet of reflection for 450 gold pieces
 26433 | Orc:2    | Bought a ring of see invisible for 225 gold pieces
 26472 | Orc:2    | Bought 2 potions of heal wounds for 110 gold pieces
 26472 | Orc:2    | Bought a potion of ambrosia for 88 gold pieces
 26472 | Orc:2    | Bought a potion of heal wounds for 55 gold pieces
 26472 | Orc:2    | Bought a potion of curing for 33 gold pieces
 26472 | Orc:2    | Bought a potion of berserk rage for 55 gold pieces
 26472 | Orc:2    | Bought a potion of might for 44 gold pieces
 26474 | Orc:2    | Bought a potion of heal wounds for 70 gold pieces
 26474 | Orc:2    | Bought a potion of might for 56 gold pieces
 26474 | Orc:2    | Bought a potion of might for 56 gold pieces
 26474 | Orc:2    | Bought a potion of might for 56 gold pieces
 26476 | Orc:2    | Bought a potion of magic for 88 gold pieces
 26662 | Shoals:1 | Entered Level 1 of the Shoals
 27279 | Shoals:1 | Found Ynyseom's Magic Scroll Shop.
 27520 | Shoals:1 | You fall into a shaft and drop 1 floor!
 27768 | Shoals:1 | Bought a scroll of blinking for 97 gold pieces
 27768 | Shoals:1 | Bought a scroll of identify for 26 gold pieces
 27768 | Shoals:1 | Bought a scroll of identify for 26 gold pieces
 27768 | Shoals:1 | Bought a scroll of silence for 123 gold pieces
 27963 | Shoals:2 | Found Haudgh's Distillery.
 27972 | Shoals:2 | Bought a potion of curing for 45 gold pieces
 27972 | Shoals:2 | Bought a potion of curing for 45 gold pieces
 27972 | Shoals:2 | Bought a potion of invisibility for 120 gold pieces
 28188 | Shoals:2 | Reached skill level 6 in Shields
 28811 | Shoals:3 | Reached XP level 16. HP: 109/130 MP: 26/26
 28855 | Shoals:3 | Noticed Onluw's ghost (adept DsWn)
 28857 | Shoals:3 | Found a transporter.
 28878 | Shoals:3 | Noticed Roxanne
 29013 | Shoals:3 | Reached skill level 7 in Shields
 29028 | Shoals:3 | Reached skill level 15 in Unarmed Combat
 29205 | Shoals:3 | Found a transporter.
 29787 | Shoals:3 | Noticed a kraken
 29887 | Shoals:3 | Killed a kraken
 30089 | Shoals:2 | Bought a potion of resistance for 150 gold pieces
 30294 | D:12     | Reached skill level 8 in Shields
 30500 | Snake:1  | Entered Level 1 of the Snake Pit
 31472 | Snake:1  | Reached skill level 9 in Shields
 31673 | Snake:1  | Found Dajesal's General Store.
 31673 | Snake:1  | Found Uxymousk's Antique Weapon Emporium.
 31674 | Snake:1  | Found Voih's Antique Weapon Emporium.
 31676 | Snake:1  | Found Piolud's Book Shoppe.
 31681 | Snake:1  | Bought a potion of curing for 54 gold pieces
 31828 | Snake:1  | Found Sunoqupta's Antique Weapon Shoppe.
 33000 | Snake:3  | Found Adoj's Weapon Emporium.
 33062 | Snake:3  | Reached skill level 10 in Shields
 33065 | Snake:3  | Bought a throwing net for 42 gold pieces
 33065 | Snake:3  | Bought 2 curare-tipped darts for 33 gold pieces
 34293 | Snake:3  | Noticed Vashnia
 34644 | Snake:3  | Gained mutation: You are resistant to unholy torment.
                  | [demonic ancestry]
 34644 | Snake:3  | Reached XP level 17. HP: 138/140 MP: 27/27
 34735 | Snake:3  | Killed Vashnia
 34736 | Snake:3  | Reached skill level 11 in Shields
 35536 | Snake:4  | Entered Level 4 of the Snake Pit
 36362 | Shoals:2 | Bought a potion of heal wounds for 75 gold pieces
 36362 | Shoals:2 | Bought a potion of might for 60 gold pieces
 36401 | Shoals:4 | Entered Level 4 of the Shoals
 36459 | Shoals:4 | Paralysed by a formless jellyfish for 1 turns
 36466 | Shoals:4 | Paralysed by a formless jellyfish for 1 turns
 36469 | Shoals:4 | Paralysed by a formless jellyfish for 1 turns
 36494 | Shoals:4 | Reached skill level 15 in Fighting
 36534 | Shoals:4 | Reached skill level 12 in Shields
 36623 | Shoals:4 | Paralysed by a formless jellyfish for 1 turns
 36628 | Shoals:4 | Paralysed by a formless jellyfish for 1 turns
 38802 | Snake:4  | Reached skill level 13 in Shields
 40516 | Snake:4  | Got a serpentine rune of Zot
 40773 | Shoals:1 | Bought 2 scrolls of enchant armour for 195 gold pieces
 40815 | Shoals:3 | Identified a scroll of acquirement
 41234 | Shoals:4 | Reached XP level 18. HP: 147/149 MP: 28/28
 41290 | Shoals:4 | Reached skill level 14 in Shields
 41313 | Shoals:4 | Got a barnacled rune of Zot
 41550 | Shoals:4 | Noticed Polyphemus
 41570 | Shoals:4 | Killed Polyphemus
 42688 | Orc:2    | Bought a glowing cloak for 180 gold pieces
 43115 | D:14     | Killed Lodul
 43202 | D:14     | Killed Nessos
 43515 | D:14     | Reached skill level 15 in Shields
 43651 | D:14     | Killed Urug
 43771 | Vaults:1 | Entered Level 1 of the Vaults
 45148 | Vaults:1 | Identified the +5 morningstar of the Dwarven Hall {heavy,
                  | rN+ Int+5}
 46143 | Vaults:2 | Reached skill level 16 in Shields
 46425 | Vaults:2 | Noticed a Hell Sentinel
 46461 | Vaults:2 | Gained mutation: You are completely covered in icy blue
                  | scales. (AC +4, rC+) [demonic ancestry]
 46461 | Vaults:2 | Reached XP level 19. HP: 140/152 MP: 29/29
 47559 | Vaults:2 | Found Ebaowun's Distillery.
 48613 | D:15     | Entered Level 15 of the Dungeon
 48665 | D:15     | Found an ornate altar of the Wu Jian Council.
 48952 | D:15     | Reached skill level 17 in Shields
 49842 | D:15     | Found a staircase to the Depths.
 50132 | Orc:2    | Bought a ring of flight for 262 gold pieces
 50411 | Lair:4   | Identified the ring "Fusynn" {rN+ Will+ Str-5 Int+6}
 50584 | Shoals:3 | Killed Onluw's ghost
 50690 | Shoals:3 | Killed Roxanne
 50923 | Vaults:1 | Acquired the +11 demon trident "Ikhirawo" {pain, rElec
                  | Stlth+}
 51042 | Vaults:3 | Reached skill level 1 in Polearms
 51366 | Vaults:3 | Reached skill level 15 in Armour
 51642 | Vaults:3 | Found Girchish's Distillery.
 51649 | Vaults:3 | Bought a potion of curing for 39 gold pieces
 51649 | Vaults:3 | Bought a potion of curing for 39 gold pieces
 51649 | Vaults:3 | Bought a potion of invisibility for 104 gold pieces
 51649 | Vaults:3 | Bought a potion of curing for 39 gold pieces
 51649 | Vaults:3 | Bought a potion of haste for 130 gold pieces
 51649 | Vaults:3 | Bought a potion of resistance for 130 gold pieces
 51916 | Vaults:3 | Reached XP level 20. HP: 159/162 MP: 30/30
 52031 | Vaults:3 | Reached skill level 18 in Shields
 52045 | Vaults:3 | Reached skill level 5 in Polearms
 52179 | Vaults:3 | Found a staircase to the Crypt.
 52544 | Vaults:3 | Found Avvepp's Armour Emporium.
 54101 | Vaults:4 | Reached skill level 10 in Polearms
 54169 | Vaults:4 | Reached skill level 1 in Necromancy
 57321 | Elf:1    | Entered Level 1 of the Elven Halls
 57491 | Elf:1    | Noticed Norris
 57523 | Elf:1    | Killed Norris
 57524 | Elf:1    | Reached XP level 21. HP: 137/168 MP: 31/31
 57566 | Elf:1    | Reached skill level 5 in Necromancy
 57580 | Elf:1    | Paralysed by an air elemental for 1 turns
 57614 | Elf:1    | Found a runed translucent gate.
 57614 | Elf:1    | Found a runed translucent gate.
 57614 | Elf:1    | Found a runed translucent gate.
 57614 | Elf:1    | Found a runed translucent gate.
 57614 | Elf:1    | Found a runed translucent gate.
 57622 | Elf:1    | Found a runed translucent gate.
 58314 | Elf:2    | Paralysed by an air elemental for 1 turns
 58823 | Elf:2    | Reached skill level 1 in Throwing
 58840 | Elf:2    | Found a runed translucent gate.
 58841 | Elf:2    | Found a runed translucent gate.
 58841 | Elf:2    | Found a runed translucent gate.
 59786 | Elf:3    | Identified the "Neguh"
 59786 | Elf:3    | Identified the "Zarod"
 59786 | Elf:3    | Entered Level 3 of the Elven Halls
 59922 | Elf:3    | Identified the +8 chain mail of Poor Excuses {Fly rPois}
 60782 | Elf:3    | Reached skill level 15 in Invocations
 61089 | Elf:3    | Identified the +3 morningstar "Lestrimu" {vamp, rPois rC++
                  | Int+2}
 61148 | Elf:3    | Identified the +0 scale mail "Faaciwk" {*Slow rN+ Int+6}
 61699 | Crypt:1  | Entered Level 1 of the Crypt
 61891 | Crypt:1  | Gained mutation: You sometimes gain power by taking damage.
                  | [demonic ancestry]
 61891 | Crypt:1  | Reached XP level 22. HP: 146/180 MP: 33/33
 61934 | Crypt:1  | Noticed Zenata
 62553 | Crypt:1  | Identified the +6 battleaxe of Latirex {protect, *Noise Fly
                  | rCorr Str+5}
 63059 | Crypt:1  | Killed Zenata
 63694 | Crypt:2  | Noticed Margery
 63719 | Crypt:2  | Identified the +0 ring mail of the Ageless Seas {Drain rF-
                  | rN+ Dex+8}
 63799 | Crypt:2  | Identified the +4 battleaxe "Abidetz" {heavy, *Noise rCorr
                  | MP+9 SInv}
 63932 | Crypt:2  | Killed Margery
 64166 | Crypt:1  | Found a basalt altar of Yredelemnul.
 64310 | Crypt:3  | Entered Level 3 of the Crypt
 64522 | Crypt:3  | Found a staircase to the Tomb.
 65542 | Crypt:3  | Found an ancient bone altar of Kikubaaqudgha.
 65949 | Crypt:3  | Identified the +3 war axe of Goblacuw {drain, rPois rCorr
                  | Dex+3}
 65949 | Crypt:3  | Identified the ring of Pohit {rC+ rN+ Str-4 Int+3}
 65956 | Crypt:3  | Noticed Grunn
 65974 | Crypt:3  | Killed Grunn
 66211 | Crypt:3  | Gained mutation: You can hurl damnation. [demonic ancestry]
 66211 | Crypt:3  | Reached XP level 23. HP: 127/160 MP: 34/34
 66682 | Crypt:3  | Identified the +3 leather armour "Qonor" {rF+ rCorr SInv}
 66683 | Crypt:3  | Identified the ring of the Harvest {rN+ Str+5 Dex+2}
 66683 | Crypt:3  | Identified the ring "Xekyemez" {rN+ Int-5 Dex+7}
 66954 | Vaults:3 | Bought a potion of attraction for 39 gold pieces
 67251 | Orc:2    | Bought a potion of lignification for 42 gold pieces
 67251 | Orc:2    | Bought a potion of attraction for 42 gold pieces
 67251 | Orc:2    | Bought a potion of lignification for 42 gold pieces
 67476 | Vaults:2 | Bought a potion of mutation for 120 gold pieces
 67476 | Vaults:2 | Bought a potion of might for 60 gold pieces
 67476 | Vaults:2 | Bought a potion of might for 60 gold pieces
 67476 | Vaults:2 | Bought a potion of cancellation for 120 gold pieces
 67766 | Shoals:1 | Bought a scroll of revelation for 97 gold pieces
 67766 | Shoals:1 | Bought a scroll of revelation for 97 gold pieces
 68300 | Slime:1  | Entered Level 1 of the Pits of Slime
 68533 | Slime:5  | Identified the "Jidiloe"
 68533 | Slime:5  | Identified the of Jumoi
 68533 | Slime:5  | Entered Level 5 of the Pits of Slime
 68538 | Slime:5  | Gained mutation: Armour fits poorly on your strangely
                  | shaped body. [a shining eye]
 68539 | Slime:5  | Gained mutation: Your spells are a little easier to cast,
                  | but a little less powerful. [a shining eye]
 68542 | Slime:5  | Gained mutation: You are occasionally teleported next to
                  | monsters. [a shining eye]
 68543 | Slime:5  | Lost mutation: Armour fits poorly on your strangely shaped
                  | body. [potion of mutation]
 68543 | Slime:5  | Lost mutation: Your spells are a little easier to cast, but
                  | a little less powerful. [potion of mutation]
 68543 | Slime:5  | Gained mutation: You are strong-willed. (Will+) [potion of
                  | mutation]
 68544 | Slime:5  | Lost mutation: You are occasionally teleported next to
                  | monsters. [potion of mutation]
 68544 | Slime:5  | Lost mutation: You are strong-willed. (Will+) [potion of
                  | mutation]
 68544 | Slime:5  | Gained mutation: You have a pair of small antennae on your
                  | head. [potion of mutation]
 68544 | Slime:5  | Gained mutation: You are strong-willed. (Will+) [potion of
                  | mutation]
 68544 | Slime:5  | Gained mutation: Your muscles are strong. (Str +4, Int/Dex
                  | -1) [potion of mutation]
 68604 | Slime:5  | Noticed the Royal Jelly
 68824 | Slime:5  | Found a viscous altar of Jiyva.
 69001 | Slime:5  | Gained mutation: You are frail. (-10% HP) [a shining eye]
 69003 | Slime:5  | Lost mutation: You are strong-willed. (Will+) [potion of
                  | mutation]
 69003 | Slime:5  | Lost mutation: You have a pair of small antennae on your
                  | head. [potion of mutation]
 69003 | Slime:5  | Lost mutation: Your muscles are strong. (Str +4, Int/Dex
                  | -1) [potion of mutation]
 69003 | Slime:5  | Gained mutation: You are clumsy. (Dex -2) [potion of
                  | mutation]
 69003 | Slime:5  | Gained mutation: You have a pair of small antennae on your
                  | head. [potion of mutation]
 69003 | Slime:5  | Gained mutation: You have an increased reservoir of magic.
                  | (+10% MP) [potion of mutation]
 69004 | Slime:5  | Lost mutation: You are frail. (-10% HP) [potion of
                  | mutation]
 69004 | Slime:5  | Lost mutation: You have an increased reservoir of magic.
                  | (+10% MP) [potion of mutation]
 69004 | Slime:5  | Lost mutation: You have a pair of small antennae on your
                  | head. [potion of mutation]
 69004 | Slime:5  | Gained mutation: You are strong-willed. (Will+) [potion of
                  | mutation]
 69004 | Slime:5  | Gained mutation: You are vulnerable to heat. (rF-) [potion
                  | of mutation]
 69004 | Slime:5  | Gained mutation: You are highly strong-willed. (Will++)
                  | [potion of mutation]
 70519 | Shoals:2 | Bought 2 potions of mutation for 240 gold pieces
 70519 | Shoals:2 | Lost mutation: You are vulnerable to heat. (rF-) [potion of
                  | mutation]
 70519 | Shoals:2 | Lost mutation: You are highly strong-willed. (Will++)
                  | [potion of mutation]
 70519 | Shoals:2 | Lost mutation: You are strong-willed. (Will+) [potion of
                  | mutation]
 70519 | Shoals:2 | Gained mutation: You are somewhat resistant to further
                  | mutation. [potion of mutation]
 70733 | Depths:1 | Entered Level 1 of the Depths
 71331 | Depths:1 | Found a gateway to Hell.
 71425 | Depths:1 | Found Itsoigiz's Jewellery Emporium.
 71427 | Depths:1 | Found Batsisko's Book Boutique.
 71428 | Depths:1 | Found Cait's Jewellery Emporium.
 71741 | Depths:1 | Found a shimmering blue altar of Sif Muna.
 72391 | Depths:2 | Noticed a juggernaut
 72408 | Depths:2 | Killed a juggernaut
 72448 | Depths:2 | Noticed a caustic shrike
 72468 | Depths:2 | Killed a caustic shrike
 72894 | Depths:2 | Noticed Mara
 72917 | Depths:2 | Killed Mara
 73018 | Depths:2 | Found a one-way gateway to a ziggurat.
 73118 | Depths:2 | Found a blossoming altar of Fedhas.
 73118 | Depths:2 | Identified the +5 quarterstaff of Blood-Lust {vamp, rF-
                  | Str+6}
 73138 | Depths:2 | Reached XP level 24. HP: 176/204 MP: 35/35
 73525 | Depths:3 | Noticed Boris
 73541 | Depths:2 | Killed Boris
 73719 | Depths:3 | Found a one-way gate to the infinite horrors of the Abyss.
 74173 | Depths:3 | You are sucked into a shaft and drop 1 floor!
 74173 | Depths:4 | Entered Level 4 of the Depths
 74779 | Depths:3 | Noticed Saint Roka
 74879 | Depths:3 | Killed Saint Roka
 75175 | Depths:3 | Identified the +0 robe "Ritoruty" {Rampage rN+}
 75443 | Depths:3 | Identified the ring "Zedifat" {Ice Int+4}
 75910 | Depths:4 | Noticed Frederick
 75934 | Depths:4 | Killed Frederick
 77037 | Depths:4 | Found a gate to the Realm of Zot.
 77355 | Vaults:5 | Entered Level 5 of the Vaults
 77355 | Vaults:5 | Identified the +9 chain mail "Gafosm" {Rampage Will+}
 77480 | Vaults:5 | Reached skill level 19 in Shields
 77544 | Vaults:5 | Noticed a dread lich
 77556 | Vaults:5 | Killed a dread lich
 77557 | Vaults:5 | Reached XP level 25. HP: 210/210 MP: 35/35
 77602 | Vaults:5 | Identified the +5 dagger of Beogh, Loving {flame, Str+6
                  | SInv}
 77712 | Vaults:5 | Identified the +7 shortbow "Samm" {drain, rElec Str+4 Int-3
                  | Stlth+}
 77720 | Vaults:5 | Identified the +3 shortbow "Naopre" {antimagic, rN+ rCorr
                  | Str+2 Dex-3}
 78103 | Vaults:5 | Identified the +7 great sword of Integrity {drain, Stlth+}
 78138 | Vaults:5 | Identified the ring of Tox Eging {rN+ Int+3}
 78435 | Vaults:5 | Got a silver rune of Zot
 78451 | Vaults:5 | Identified the +4 rapier "Vaqiteuc" {freeze, Str+2}
 78509 | Vaults:5 | Identified the +7 ring mail "Jyebich" {rPois}
 78526 | Vaults:5 | Reached skill level 20 in Shields
 79817 | Shoals:2 | Bought a potion of enlightenment for 75 gold pieces
 79817 | Shoals:2 | Bought a potion of attraction for 45 gold pieces
 79817 | Shoals:2 | Bought a potion of attraction for 45 gold pieces
 80006 | Orc:2    | Bought 2 potions of enlightenment for 110 gold pieces
 80905 | Zot:1    | Entered Level 1 of the Realm of Zot
 81512 | Zot:1    | Found the +4 dragonskin cloak
 81512 | Zot:1    | Noticed Tiamat
 81548 | Zot:1    | Killed Tiamat
 81911 | Zot:1    | Reached skill level 21 in Shields
 82067 | Zot:1    | Found a shimmering blue altar of Sif Muna.
 82081 | Zot:1    | Noticed an orb of fire
 82101 | Zot:1    | Noticed an ancient lich
 82119 | Zot:1    | You fall into a shaft and drop 1 floor!
 82283 | Zot:1    | Noticed a dread lich
 82321 | Zot:1    | Found a transporter.
 83296 | Zot:3    | Noticed an orb of fire
 83417 | Zot:3    | Gained mutation: You have an increased reservoir of magic.
                  | (+10% MP) [an orb of fire]
 83449 | Zot:3    | Noticed an orb of fire
 83469 | Zot:2    | Lost mutation: You have an increased reservoir of magic.
                  | (+10% MP) [an orb of fire]
 83474 | Zot:2    | Killed an orb of fire
 83488 | Zot:3    | Killed an orb of fire
 83757 | Abyss:2  | Cast into level 2 of the Abyss (red draconian)
 83975 | Abyss:2  | Found a corrupted altar of Lugonu.
 84004 | Zot:3    | Escaped the Abyss
 84155 | Zot:3    | Noticed a Killer Klown
 84163 | Zot:3    | a Killer Klown changed into a golden dragon
 84178 | Zot:3    | Reached skill level 22 in Shields
 84321 | Zot:3    | Gained mutation: You are powered by pain. [demonic
                  | ancestry]
 84321 | Zot:3    | Reached XP level 26. HP: 197/218 MP: 35/35
 84825 | Zot:3    | Noticed an orb of fire
 84837 | Zot:3    | Killed an orb of fire
 87683 | Zot:3    | Reached skill level 23 in Shields
 89205 | Zot:5    | Entered Level 5 of the Realm of Zot
 89350 | Zot:5    | Found a runed translucent door.
 89352 | Zot:5    | Noticed Vyqe's ghost (master MfIE)
 89562 | Zot:5    | Reached skill level 5 in Throwing
 89934 | Zot:5    | Noticed an orb of fire
 89948 | Zot:5    | Killed an orb of fire
 90057 | Zot:5    | Noticed an orb of fire
 90082 | Zot:5    | Killed an orb of fire
 90276 | Zot:5    | Noticed an orb of fire
 90277 | Zot:5    | Noticed an orb of fire
 90279 | Zot:5    | Noticed an orb of fire
 90282 | Zot:5    | Noticed an orb of fire
 90359 | Zot:4    | Killed an orb of fire
 90717 | Tar:7    | Identified the "Jer Voh"
 90717 | Geh:7    | Identified the "Koev"
 90717 | Geh:7    | Identified the "Jiekaf"
 90717 | Pan      | Identified the "Desamu"
 90717 | Zig:1    | Entered Level 1 of a ziggurat
 90784 | Zig:2    | Entered Level 2 of a ziggurat
 90822 | Zig:3    | Entered Level 3 of a ziggurat
 90885 | Zig:4    | Entered Level 4 of a ziggurat
 90888 | Zig:4    | Noticed a juggernaut
 90901 | Zig:4    | Killed a juggernaut
 91057 | Zig:4    | Found the amulet of the Air {Inacc Air Fly rElec RMsl}
 91064 | Zig:4    | Identified the ring "Utiotto" {rPois rCorr Str+4}
 91084 | Zig:4    | Identified the staff "Amitiecu" {Dex+3 Earth}
 91383 | Zot:5    | Killed an orb of fire
 91703 | Zot:4    | Gained mutation: Armour fits poorly on your strangely
                  | shaped body. [an orb of fire]
 91707 | Zot:4    | Killed an orb of fire
 91708 | Zot:4    | Lost mutation: Armour fits poorly on your strangely shaped
                  | body. [potion of mutation]
 91708 | Zot:4    | Lost mutation: You are somewhat resistant to further
                  | mutation. [potion of mutation]
 91708 | Zot:4    | Lost mutation: You are clumsy. (Dex -2) [potion of
                  | mutation]
 91708 | Zot:4    | Gained mutation: You are strong-willed. (Will+) [potion of
                  | mutation]
 91708 | Zot:4    | Gained mutation: You are agile. (Dex +4, Str/Int -1)
                  | [potion of mutation]
 92487 | Zot:5    | Reached XP level 27. HP: 221/227 MP: 11/35
 92893 | Zot:5    | Noticed an ancient lich
 92893 | Zot:5    | Noticed an orb of fire
 92894 | Zot:5    | Gained mutation: You occasionally lose the ability to read
                  | scrolls when taking damage. [an orb of fire]
 92967 | Zot:5    | Killed an orb of fire
 92997 | Zot:5    | Killed an ancient lich
 93214 | Zot:5    | Lost mutation: You occasionally lose the ability to read
                  | scrolls when taking damage. [potion of mutation]
 93214 | Zot:5    | Lost mutation: You are agile. (Dex +4, Str/Int -1) [potion
                  | of mutation]
 93214 | Zot:5    | Gained mutation: You are frail. (-10% HP) [potion of
                  | mutation]
 93214 | Zot:5    | Gained mutation: You have very sharp teeth. [potion of
                  | mutation]
 93215 | Zot:5    | Lost mutation: You are frail. (-10% HP) [potion of
                  | mutation]
 93215 | Zot:5    | Lost mutation: You are strong-willed. (Will+) [potion of
                  | mutation]
 93215 | Zot:5    | Gained mutation: You have a pair of small horns on your
                  | head. [potion of mutation]
 93215 | Zot:5    | Gained mutation: You are dopey. (Int -2) [potion of
                  | mutation]
 93215 | Zot:5    | Gained mutation: Your flesh is heat resistant. (rF+)
                  | [potion of mutation]
 93558 | Zot:5    | Reached skill level 10 in Throwing
 93772 | Zot:5    | Gained mutation: You are weak. (Str -2) [an orb of fire]
 93806 | Zot:5    | Gained mutation: Armour fits poorly on your strangely
                  | shaped body. [an orb of fire]
 93808 | Zot:5    | Gained mutation: Your magical capacity is low. (-10% MP)
                  | [an orb of fire]
 93815 | Zot:5    | Gained mutation: Your spells are a little easier to cast,
                  | but a little less powerful. [an orb of fire]
 93817 | Zot:5    | Killed an orb of fire
 93844 | Zot:5    | Lost mutation: You are weak. (Str -2) [potion of mutation]
 93844 | Zot:5    | Lost mutation: Your magical capacity is low. (-10% MP)
                  | [potion of mutation]
 93844 | Zot:5    | Lost mutation: Armour fits poorly on your strangely shaped
                  | body. [potion of mutation]
 93844 | Zot:5    | Gained mutation: You are clumsy. (Dex -2) [potion of
                  | mutation]
 93844 | Zot:5    | Gained mutation: Your system is resistant to poisons.
                  | (rPois) [potion of mutation]
 94621 | Zot:5    | Got the Orb of Zot
 94992 | D:7      | Noticed Qorphoc the pandemonium lord
 95118 | D:$      | Escaped with the Orb!

Illustrated notes

Levels and vault maps discovered:
D:1:      spicycebolla_arrival_risky_transporter, layout_basic,
          dilly_ecumenical_altar_fadedgnrine, minmay_pentomino_x4
D:2:      layout_rooms, basic_altar, uniq_sigmund
D:3:      layout_loops_ring, elyvilon_altar_5, portal_sewer_entry_b,
          minmay_quantized
D:4:      layout_basic, serial_shops, shop
D:5:      layout_layer_cave, uniq_menkaure
D:6:      layout_rooms, minmay_temple_entry_proselytizer,
          kennysheep_generic_room_8
D:7:      minmay_blocky_corners, layout_loops_corners, abandoned_shop,
          reono_crystal_passage
D:8:      minmay_the_grid_octo_2x2 [minmay_the_grid_octo_77,
          minmay_the_grid_octo_fan_narrow, minmay_the_grid_octo_teeth,
          minmay_the_grid_octo_prize_big_c], layout_loops_ring,
          doesnt_xom_only_xom, mainiacjoe_overflow_alcove_3, serial_shops, shop,
          minmay_ruined_shrine, uniq_maurice
D:9:      layout_basic, bh_circular_ruins, uniq_jeremiah
D:10:     layout_loops_ring
D:11:     layout_layer_cave, grunt_lair_entry_orc_guard_hut, david_orc_5,
          minmay_misc_feat_pillars
D:12:     regret_index_combs_of_tragedy, layout_basic,
          minmay_guarded_unrand_resistance
D:13:     layout_irregular_city, hellmonk_ghost_happy_afterlife
D:14:     layout_cave_pools, david_vaults_3, special_room [special_room_orc],
          nicolae_cairo_tiling_large, kennysheep_inner_square
D:15:     grunt_enter_depths_snipers, layout_long_grid, wad_floor_pattern_1,
          nzn_wu_jian_council_hall
Lair:1:   layout_hall_layers, lemuel_oklob_altar
Lair:2:   layout_gridlike, guppyfry_snake_entry_island, minmay_hedge_maze,
          grunt_megastairs_2
Lair:3:   layout_cave_pods, minmay_shoals_entry_centaurs,
          infiniplex_staircase_pool
Lair:4:   gammafunk_worm_tunnel, layout_small_grid
Lair:5:   guppyfry_lair_end_dragon, layout_regular_city,
          hangedman_lair_caniforms_friends, slime_entry_1,
          nicolae_volcano_entry_batcave, grunt_megastairs_4, lemuel_fruit_tree
Shoals:1: layout_shoals, serial_shops, nicolae_shop_tiny_waterfront
Shoals:2: layout_shoals, serial_shops,
          nicolae_shop_temple_entry_statues_fountains
Shoals:3: layout_shoals, gammafunk_ghost_arena, uniq_roxanne
Shoals:4: shoals_end_hellmonk_lost_city, serial_shops, uniq_polyphemus
Snake:1:  layout_gridlike, nicolae_take_the_stairs, minmay_shoptagon
Snake:2:  layout_concentric_octagons, nicolae_elevator_lobby_asterisk
Snake:3:  layout_grid_maze, serial_shops, nicolae_shop_gibbet_a_chance,
          st_stairs_1, uniq_vashnia
Snake:4:  minmay_snake_end_coiled, layout_chambers, library_closet
Slime:1:  layout_caves
Slime:2:  layout_caves, basic_altar
Slime:3:  layout_caves
Slime:4:  cheibrodos_slime_lost_civilization_10, layout_caves
Slime:5:  slime_pit_nicolae_jellycorners
Orc:1:    layout_caves
Orc:2:    pf_orc_diabolical, layout_caves, basic_altar, serial_shops, shop,
          dreamdust_deal_with_the_devil
Elf:1:    nicolae_elf_arrival_fired_up, layout_gridlike, orc_legates,
          uniq_norris
Elf:2:    nicolae_elf_blades_splatter_lattice [nicolae_blade_tridents],
          layout_gridlike
Elf:3:    minmay_elf_hall_curves, layout_onion_city
Vaults:1: nicolae_vaults_turnstiles, nicolae_vaults_loss_of_containment,
          v_misc_12, vaults_room_stairs_pillars, nicolae_vaults_double_plus_2,
          nicolae_vaults_doubleplus_tesselated, v_misc_15,
          ontoclasm_vaults_shuriken, vaults_room_door_hall,
          nicolae_vaults_diamond_1, layout_vaults_omnigrid
Vaults:2: st_octagons_1, hangedman_vaults_maws, v_misc_31,
          nicolae_vaults_specimen_jars, nicolae_vaults_double_plus_2,
          nicolae_vaults_six-pack, vaults_dpeg_emergency_exit,
          nicolae_vaults_cornered_office, layout_vaults_big_room, serial_shops,
          nicolae_shop_back_alley_shop
Vaults:3: nicolae_vaults_taking_the_gang_shopping,
          nicolae_vaults_storage_room_glass, v_misc_18,
          nicolae_vaults_little_squares_4, grunt_vaults_twisty,
          vaults_room_door_hall, nicolae_vaults_network_square,
          vaults_standard_mumra_x, blue_anna_dwarven_crypt,
          ontoclasm_vaults_claustrophobia, nicolae_vaults_security_offices_2,
          vaults_room_stairs_pillars, nicolae_vaults_apartment_1,
          grunt_vaults_hallway_long, nicolae_vaults_oval_intersection,
          layout_vaults_omnibox, serial_shops, nicolae_shop_tiny_glass
Vaults:4: vaults_mumra_minichess_inversion, nicolae_vaults_stand_back,
          nicolae_vaults_little_squares_1, nicolae_vaults_house_2,
          nicolae_vaults_shelves_hall, ontoclasm_vaults_pinch,
          nicolae_vaults_mitosis, nicolae_vaults_little_squares_4, v_misc_25,
          nicolae_vaults_network_s, vaults_room_corners, v_misc_1,
          layout_vaults_maze_snakey
Vaults:5: serial_shops
Crypt:1:  minmay_shadows, layout_gridlike, lemuel_upstairs_altar, uniq_zenata
Crypt:2:  layout_regular_city, nicolae_crypt_cryptocurrency, grunt_megastairs_1,
          uniq_margery
Crypt:3:  church_of_pain_bobbens, layout_chaotic_city, uniq_grunn
Depths:1: layout_cave_pools, pan_entry, hell_entry, kennysheep_nondescript,
          kennysheep_donut, tgw_sif, minmay_shop_grove
Depths:2: hangedman_cross_veins, layout_small_grid, enter_ziggurat_e,
          fedhas_altar_2, grunt_metal_band, pan_entry, infiniplex_staircase_x,
          serial_bayou_shore_a, uniq_mara
Depths:3: kennysheep_snake, layout_honeycomb, nicolae_twisting_strands,
          abyss_entry, hell_entry, kennysheep_generic_room_10, uniq_boris,
          uniq_saint_roka
Depths:4: evilmike_zot_entry_hall, layout_gridlike, minmay_crystal_water,
          rand_demon_pan_entry_3, grunt_hell_entry_dis_grunt,
          abyss_entry_small_statue_room, uniq_frederick
Zot:1:    gammafunk_sealed_library, layout_concentric_octagons, st_stairs_14,
          uniq_tiamat
Zot:2:    layout_misc_corridors
Zot:3:    layout_misc_corridors
Zot:4:    layout_onion_interference
Zot:5:    layout_misc_corridors, ebering_ghost_reflecting_pool

Skill      XL: |  1  2  3  4  5  6  7  8  9 10 11 12 13 14 15 16 17 18 19 20 21 22 23 24 25 26 27 |
---------------+----------------------------------------------------------------------------------+-----
Fighting       | 2 3 4 5 8 10 11 12 13 14 15 16 19 20 21 | 21.3
Armour         | 2 3 4 6 8 10 11 12 13 14 15 16 18 20 | 20.2
Unarmed Combat | 1 2 3 5 7 8 9 10 11 13 14 15 16 17 19 20 21 | 21.1
Short Blades   | 1 |  1.0
Invocations    | 2 10 11 12 13 14 15 16 17 | 17.9
Evocations     | 5 7 |  7.0
Dodging        | 2 5 |  5.0
Shields        | 1 6 10 13 16 17 18 19 22 23 | 23.0
Polearms       | 4 10 13 14 | 14.0
Necromancy     | 4 5 |  5.0
Throwing       | 3 8 10 | 10.5
Stealth        | |  0.8

Action                     |  1- 3 |  4- 6 |  7- 9 | 10-12 | 13-15 | 16-18 | 19-21 | 22-24 | 25-27 || total
---------------------------+-------+-------+-------+-------+-------+-------+-------+-------+-------++-------
  Melee: Club              |    20 |       |       |       |       |       |       |       |       ||    20
         Mace              |   120 |    34 |       |       |       |       |       |       |       ||   154
         Punch             |     3 |     8 |    14 |    46 |   111 |       |       |       |       ||   182
         Short sword       |       |   192 |       |       |       |       |       |       |       ||   192
         Unarmed           |       |       |   238 |   727 |  1651 |  1853 |  1529 |  2534 |   946 ||  9478
         Demon trident     |       |       |       |       |       |       |   669 |   443 |   992 ||  2104
         Trident           |       |       |       |       |       |       |       |       |   381 ||   381
         Headbutt          |       |       |       |       |       |       |       |       |    47 ||    47
         Bite              |       |       |       |       |       |       |       |       |    34 ||    34
  Throw: Stone             |     6 |     8 |     6 |     3 |       |       |       |       |       ||    23
         Dart              |       |     7 |    16 |    43 |   103 |    18 |    32 |       |       ||   219
         Javelin           |       |       |     4 |     9 |     3 |     3 |     3 |     1 |    17 ||    40
         Boomerang         |       |       |       |    35 |    63 |    88 |    17 |    48 |    66 ||   317
         Throwing net      |       |       |       |       |       |       |       |     8 |       ||     8
 Invoke: Shadow Step       |       |       |       |       |     1 |     2 |     6 |     5 |     2 ||    16
         Shadow Form       |       |       |       |       |       |     3 |       |     3 |     1 ||     7
Ability: Evoke Blink       |       |       |       |       |       |     2 |       |     3 |       ||     5
  Evoke: Wand              |     5 |     7 |    17 |    40 |     9 |    21 |     2 |     6 |    52 ||   159
         Phantom mirror    |       |       |       |     2 |     4 |     5 |     1 |     3 |     3 ||    18
         Box of beasts     |       |       |       |       |       |       |       |       |     1 ||     1
    Use: Scroll            |     3 |    11 |     2 |     7 |    14 |    18 |     5 |    28 |    28 ||   116
         Potion            |       |       |     3 |     3 |    11 |    38 |     3 |    25 |    27 ||   110
   Stab: Sleeping          |       |       |     2 |     1 |       |       |       |       |       ||     3
         Distracted        |       |       |       |       |     3 |     1 |     1 |     2 |     4 ||    11
         Petrified         |       |       |       |       |     3 |     2 |       |       |       ||     5
         Invisible         |       |       |       |       |       |    17 |     4 |    13 |       ||    34
         Held in net/web   |       |       |       |       |       |     1 |       |     9 |       ||    10
 Armour: Leather armour    |     6 |       |       |       |       |       |       |       |       ||     6
         Ring mail         |    83 |    97 |   100 |    60 |       |       |       |       |       ||   340
         Skin              |       |       |     4 |     4 |       |     6 |       |       |       ||    14
         Plate armour      |       |       |       |   553 |  1069 |   869 |   988 |    44 |       ||  3523
         Chain mail        |       |       |       |       |       |       |    89 |  1669 |   167 ||  1925
         Gold dragon scale |       |       |       |       |       |       |       |     3 |   954 ||   957
  Dodge: Dodged            |    92 |   126 |   183 |   352 |   785 |   459 |   326 |   654 |   239 ||  3216
  Block: Buckler           |       |       |       |       |   164 |    96 |       |       |       ||   260
         Reflection        |       |       |       |       |     5 |   146 |    99 |    36 |    27 ||   313
         Kite shield       |       |       |       |       |       |  1265 |  1448 |  2310 |   296 ||  5319
         Tower shield      |       |       |       |       |       |       |       |       |  1227 ||  1227

Table legend: (Time is in decaauts)
 A = Elapsed time spent in this place.
 B = Non-inter-level travel time spent in this place.
 C = Inter-level travel time spent in this place.
 D = Time resting spent in this place.
 E = Time spent auto-exploring this place.
 F = Levels seen in this place.
 G = Mean time per level.
                   A        B        C        D        E       F      G
               +--------+--------+--------+--------+--------+-----+--------+
         Total |  92500 |  80105 |  12395 |  15001 |   6123 |  62 | 1491.9 |
       Dungeon |  22162 |  19151 |   3011 |   2139 |   2002 |  15 | 1477.5 |
          Lair |   8936 |   6473 |   2463 |    871 |    850 |   5 | 1787.2 |
        Shoals |   5779 |   5036 |    743 |   1125 |    390 |   4 | 1444.8 |
     Snake Pit |   9377 |   8574 |    803 |   2312 |    423 |   4 | 2344.2 |
    Slime Pits |   1927 |   1890 |     37 |    677 |      0 |   5 |  385.4 |
  Orcish Mines |   2293 |   1525 |    768 |      2 |    155 |   2 | 1146.5 |
   Elven Halls |   4374 |   3647 |    727 |    303 |    530 |   3 | 1458.0 |
        Vaults |  14249 |  12555 |   1694 |   1903 |    774 |   5 | 2849.8 |
         Crypt |   4845 |   4464 |    381 |    940 |    352 |   3 | 1615.0 |
        Depths |   6692 |   5603 |   1089 |   1084 |    465 |   4 | 1673.0 |
           Zot |  10543 |   9867 |    676 |   3277 |    167 |   5 | 2108.6 |
         Abyss |    236 |    236 |      0 |    108 |      0 |   1 |  236.0 |
      Ziggurat |    340 |    340 |      0 |    181 |      0 |   4 |   85.0 |
         Sewer |    474 |    474 |      0 |     63 |      0 |   1 |  474.0 |
       Volcano |    266 |    266 |      0 |     14 |     15 |   1 |  266.0 |
               +--------+--------+--------+--------+--------+-----+--------+

Top non-repeatable levels by time:
Vaults:1: 5800 daAuts
 Snake:4: 3842 daAuts
   Zot:5: 3804 daAuts
 Snake:3: 2667 daAuts
Vaults:2: 2660 daAuts
  Lair:3: 2450 daAuts
  Lair:5: 2386 daAuts
Depths:4: 2338 daAuts
    D:11: 2264 daAuts
Vaults:3: 2234 daAuts
   Zot:3: 2127 daAuts
    D:12: 2083 daAuts
     D:8: 2062 daAuts
 Crypt:3: 2025 daAuts
     D:7: 1997 daAuts
